 Dungeon Crawl Stone Soup version 0.28-a0-1510-gd0f6b136d3 (webtiles) character file.

Game seed: 1680901890536625766

37 psuckher the Skirmisher (level 3, 0/29 HPs)
             Began as a Demonspawn Chaos Knight on Jan 14, 2022.
             Was a Plaything of Xom.
             Slain by a white imp (3 damage)
             ... summoned by Natasha
             ... on level 2 of the Dungeon.
             The game lasted 00:04:52 (838 turns).

psuckher the Skirmisher (Demonspawn Chaos Knight)    Turns: 838, Time: 00:04:52

Health: 0/29       AC:  7    Str: 14    XL:     3   Next: 21%
Magic:  3/3        EV: 11    Int: 13    God:    Xom [..*...]
Gold:   42         SH:  0    Dex: 12    Spells: 2/2 levels left

rFire   . . .      SeeInvis .     - Unarmed
rCold   . . .      Faith    .   (no shield)
rNeg    . . .      Spirit   .   a - +2 leather armour
rPois   .          Reflect  .   (no helmet)
rElec   .          Harm     .   (no cloak)
rCorr   .          Rampage  .   (no gloves)
Will    .....                   (no boots)
Stlth   +.........              (no amulet)
HPRegen 0.09/turn               (no ring)
MPRegen 0.08/turn               (no ring)

@: no status effects
A: icy blue scales 1
a: Renounce Religion


You were on level 2 of the Dungeon.
You worshipped Xom.
You were a toy of Xom.
You visited 1 branch of the dungeon, and saw 2 of its levels.

You collected 42 gold pieces.

Inventory:

Hand Weapons
 f - a +0 flail
Armour
 a - a +2 leather armour (worn)
 b - a +0 chain mail
Scrolls
 c - a scroll of identify {unknown}
 d - 2 scrolls of blinking {unknown}
 e - a scroll of amnesia {unknown}
Potions
 g - 2 potions of heal wounds {unknown}


   Skills:
 + Level 3.3 Fighting
 + Level 2.2 Armour
 + Level 1.0 Dodging
 + Level 0.1 Stealth
 + Level 3.3 Unarmed Combat


You had 2 spell levels left.
You didn't know any spells.
Your spell library contained the following spells:

 Spells                   Type           Power      Damage    Failure   Level
 Magic Dart               Conj           0%         1d3       36%         1
 Searing Ray              Conj           0%         2d4       50%         2
 Fulminant Prism          Conj/Hex       0%         3d6       98%         4


Dungeon Overview and Level Annotations

Branches:
Dungeon (2/15)

Altars:

Annotations:
D:2 Natasha


Innate Abilities, Weirdness & Mutations

You are partially covered in icy blue scales. (AC +2)


Message History

There is a stone staircase leading up here.
There is a stone staircase leading up here.
Welcome back, psuckher the Demonspawn Chaos Knight.
Xom titters.
Press ? for a list of commands and other information.
Natasha, Servant of Life and Death comes into view.
Found 21 stones.
Natasha hisses angrily.
You closely miss Natasha.
Natasha mumbles some strange words.
You closely miss Natasha.
Natasha stares at you and mumbles some strange words.
You resist with significant effort.
You barely miss Natasha. The white imp barely misses you.
You hit Natasha.
Natasha is moderately wounded.
Natasha claws you but does no damage. The white imp closely misses you.
You closely miss Natasha.
Natasha is moderately wounded.
Natasha mewls in sadness.
Natasha closely misses you. The white imp hits you. The white imp freezes you.
You emit a cloud of colourful smoke!
You closely miss Natasha.
Natasha is moderately wounded.
Natasha barely misses you.
The white imp hits you but does no damage.
You hit Natasha but do no damage.
Natasha is moderately wounded.
Natasha stares at you and mumbles some strange words.
You resist with significant effort. The white imp gestures at you.
The puff of frost hits you!
* * * LOW HITPOINT WARNING * * *
You barely miss Natasha.
Natasha is moderately wounded.
Natasha claws you.
* * * LOW HITPOINT WARNING * * *
The white imp hits you.
You die...
Xom chortles!

# .# .###. ####.....
#.#.(.. ##....#######
##.§5###.....## ..
#.§@§.#.......#....
#...§h##....<........
#.....##.♣.....♣.....
#.......#..........###
#.......##..♣.♣....#
#.......###.......##
##.....## ##.....##
##...## ##...## #####


You could see Natasha and a white imp (summoned).

Vanquished Creatures
  A gnoll (D:1)
  2 endoplasms
  A giant cockroach (D:1)
  2 goblins (D:1)
  2 hobgoblins (D:1)
  6 quokkas
  2 ball pythons (D:1)
  A bat (D:1)
  3 frilled lizards (D:1)
  3 kobolds (D:1)
  4 rats (D:1)
27 creatures vanquished.

Notes
Turn   | Place    | Note
-------+----------+-------------------------------------------
     0 | D:1      | psuckher the Demonspawn Chaos Knight began the quest for
                  | the Orb.
     0 | D:1      | Reached XP level 1. HP: 18/18 MP: 1/1
     0 | D:1      | XOM: divination: detect items
   161 | D:1      | Gained mutation: You are partially covered in icy blue
                  | scales. (AC +2) [demonic ancestry]
   161 | D:1      | Reached XP level 2. HP: 14/24 MP: 2/2
   281 | D:1      | XOM: silly message
   282 | D:1      | XOM: potion effect (curing)
   324 | D:1      | Reached skill level 1 in Dodging
   543 | D:1      | XOM: silly message
   600 | D:1      | Reached XP level 3. HP: 29/29 MP: 3/3
   829 | D:2      | Noticed Natasha
   835 | D:2      | XOM: smoke on damage
   838 | D:2      | Slain by a white imp

Illustrated notes

Levels and vault maps discovered:
D:1:      erik_arrival_triangle_small, layout_loops_ring
D:2:      layout_rooms, hellmonk_ecumenical_altar_defaced_shrine,
          grunt_ministairs_9, roderic_serpentine_path, guppyfry_early_lair_pool,
          uniq_natasha, uniq_sigmund

Skill      XL: |  1  2 |
---------------+-------+-----
Armour         | 2 |  2.2
Unarmed Combat | 3 |  3.3
Dodging        | 1 |  1.0
Fighting       | |  3.3
Stealth        | |  0.1

Action                   || total
-------------------------++-------
Melee: Unarmed           ||   111
       Punch             ||     4
Armor: Leather armour    ||    48
Dodge: Dodged            ||    69

Table legend: (Time is in decaauts)
 A = Elapsed time spent in this place.
 B = Non-inter-level travel time spent in this place.
 C = Inter-level travel time spent in this place.
 D = Time resting spent in this place.
 E = Time spent auto-exploring this place.
 F = Levels seen in this place.
 G = Mean time per level.
                   A        B        C        D        E       F      G
               +--------+--------+--------+--------+--------+-----+--------+
         Total |    831 |    790 |     41 |      0 |      0 |   2 |  415.5 |
       Dungeon |    831 |    790 |     41 |      0 |      0 |   2 |  415.5 |
               +--------+--------+--------+--------+--------+-----+--------+

Top non-repeatable levels by time:
     D:1: 800 daAuts
     D:2: 30 daAuts
